cohdb
Replays
Latest Replays
All Replays
Popular Replays
Top Player Replays
Match Explorer
How It Works
Community
CoH3 Stats
Reddit
Sign in to upload your games and track your stats! →
Sign in with Steam
Match 42958349
Unlisted
Match 42958349
Overview
Messages
Build Orders
End
Selects Australian Defense Battlegroup
Selects Australian Light Infantry Section
Australian Light Infantry Section
Construct Section Command Post
Infantry Section
Vickers Machine Gun Team
ML 3-inch Mortar Team
Infantry Section
Construct Platoon Command Post
Selects CMP 15cwt Supply Run
CMP 15cwt Truck
Selects Reinforced Resource Caches
Forward Retreat Point
Construct Company Command Post
Unlock M3 Grant Medium Tanks
M3 Grant Medium Tank
M3 Grant Medium Tank
Unlock Bishop Self-propelled Artillery
Bishop Self-propelled Artillery
Light Vehicle Training
M3 Grant Medium Tank
💀Punisher💀
gUi
Jhonny Walker
ETO420
warmachine
Alex
_Dustin
ilya_anatoli4
0
0
Comments
sign in to comment!
No comments posted yet!